 Dungeon Crawl Stone Soup version 0.29.1-15-g9cfb28693d (webtiles) character file.

Game seed: 14551821688299449581

63 protoss039 the Digger (level 3, -3/27 HPs)
             Began as a Demonspawn Earth Elementalist on Mar 21, 2023.
             Slain by an orc
             ... wielding a +1 hand axe of electrocution
              (4 damage)
             ... on level 2 of the Dungeon.
             The game lasted 00:01:31 (1211 turns).

protoss039 the Digger (DsEE)                        Turns: 1211, Time: 00:01:32

Health: -3/27      AC:  5    Str:  8    XL:     3   Next: 89%
Magic:  4/7        EV: 10    Int: 18    God:
Gold:   69         SH:  0    Dex: 13    Spells: 4/7 levels left

rFire   . . .      SeeInvis .   c - +0 hand axe
rCold   . . .      Faith    .   (no shield)
rNeg    . . .      Spirit   .   g - +0 ring mail
rPois   .          Reflect  .   (no helmet)
rElec   .          Harm     .   (no cloak)
rCorr   .          Rampage  .   (no gloves)
Will    .....                   (no boots)
Stlth   +.........              (no amulet)
HPRegen 0.09/turn               (no ring)
MPRegen 0.20/turn               (no ring)

@: no status effects
A: magic regeneration, demonic touch 1
a: no special abilities


You were on level 2 of the Dungeon.
You visited 1 branch of the dungeon, and saw 2 of its levels.

You collected 69 gold pieces.

Inventory:

Hand Weapons
 c - a +0 hand axe (weapon)
 i - a +0 short sword of speed
Armour
 g - a +0 ring mail (worn)
Jewellery
 d - a ring of see invisible
Scrolls
 e - a scroll of vulnerability {unknown}
Potions
 a - a potion of haste {unknown}
 b - 2 potions of magic
 f - a potion of brilliance {unknown}
 h - a potion of berserk rage {unknown}


   Skills:
 + Level 1.9 Fighting
 - Level 1.7 Dodging
 - Level 1.7 Stealth
 + Level 2.7 Spellcasting
 - Level 0.8 Transmutations
 + Level 3.3 Earth Magic


You had 4 spell levels left.
You knew the following spells:

 Your Spells              Type           Power      Damage    Failure   Level
a - Sandblast             Erth           28%        2d8       13%         1
b - Passwall              Tmut/Erth      8%         N/A       32%         2

Your spell library contained the following spells:

 Spells                   Type           Power      Damage    Failure   Level
 Ensorcelled Hibernation  Hex/Ice        4%         N/A       61%         2
 Stone Arrow              Conj/Erth      16%        3d8       61%         3
 Swiftness                Air            2%         N/A       83%         3
 Petrify                  Tmut/Erth      10%        N/A       91%         4


Dungeon Overview and Level Annotations

Branches:
Dungeon (2/15) Zot: 10764

Altars:


Innate Abilities, Weirdness & Mutations

You regenerate magic rapidly.
Your touch may inflict minor irresistible damage on your foes.


Message History

An orc comes into view.
It is wielding a +1 hand axe of electrocution.
The orc shouts!
Casting: Sandblast (safe; 14% risk of failure)
Confirm with . or Enter, or press ? or * to list all spells.
Aiming: Sandblast (safe; 14% risk of failure)
Press: ? - help, Shift-Dir - straight line, f/p - orc priest
Aim: an orc priest, wielding a +0 whip and wearing a +0 leather armour (moderately wounded, 82% to hit)
The blast of sand hits the orc priest.
The orc priest is heavily wounded.
Unknown command.
Casting: Sandblast (safe; 14% risk of failure)
Confirm with . or Enter, or press ? or * to list all spells.
Aiming: Sandblast (safe; 14% risk of failure)
Press: ? - help, Shift-Dir - straight line, f/p - orc priest
Aim: an orc priest, wielding a +0 whip and wearing a +0 leather armour (heavily wounded, 82% to hit)
The blast of sand hits the orc priest!
You kill the orc priest!
The orc closely misses you.
Unknown command.
Your magical contamination has completely faded away.
Press: ? - help, v - describe, . - travel, g - get item Item here: a glowing short sword.
The floor.
The orc hits you but does no damage. The orc attacks as you move away!
The orc closely misses you. The orc barely misses you.
The orc hits you but does no damage. The orc attacks as you move away!
The orc hits you with a +0 club.
You see here a +0 short sword of speed.
i - a +0 short sword of speed The orc hits you but does no damage.
The orc hits you with a +0 club. The orc hits you with a +0 flail!
* * * LOW HITPOINT WARNING * * *
The orc attacks as you move away! The orc hits you but does no damage.
The orc attacks as you move away! The orc hits you with a +0 hand axe.
* * * LOW HITPOINT WARNING * * *
The orc attacks as you move away! The orc closely misses you.
The orc attacks as you move away! The orc closely misses you.
The orc attacks as you move away!
The orc hits you with a +1 hand axe of electrocution.
You die...

.... #....####### .#
#....##........... .# ..
..................
.....###.................
........................ .##
#.##............####...
...##........#.##.#........
.........o...#.##'##.(.##.#
......[..o@....#...#...#...
#.......oo#......♣.#####.♣.
#.........#.#..#....# #.... .
#...........÷..##...###...#
..#...#..........##....#....#
..>...)...........##.......##
.........######+#..#.<.♣÷<.#.
#........# .##...)...##
.........####### )#..÷.#....#


You could see 4 orcs.

Vanquished Creatures
  An orc priest (D:2)
  An adder (D:2)
  2 ball pythons
  2 bats (D:1)
  2 endoplasms
  A giant cockroach (D:1)
  2 goblins
  A hobgoblin (D:2)
  3 jackals (D:2)
  A kobold (D:1)
  A quokka (D:2)
  2 frilled lizards (D:1)
  6 rats
25 creatures vanquished.

Vanquished Creatures (others)
  2 plants (D:1)
2 creatures vanquished.

Grand Total: 27 creatures vanquished

Notes
Turn   | Place    | Note
-------+----------+-------------------------------------------
     0 | D:1      | protoss039 the Demonspawn Earth Elementalist began the
                  | quest for the Orb.
     0 | D:1      | Reached XP level 1. HP: 13/13 MP: 3/3
    12 | D:1      | Found a faded altar of an unknown god.
   272 | D:1      | Gained mutation: Your touch may inflict minor irresistible
                  | damage on your foes. [demonic ancestry]
   272 | D:1      | Reached XP level 2. HP: 19/20 MP: 5/5
   332 | D:1      | Reached skill level 1 in Fighting
   829 | D:1      | Learned a level 2 spell: Passwall
   843 | D:2      | Reached skill level 3 in Earth Magic
  1161 | D:2      | Gained mutation: You regenerate magic rapidly. [demonic
                  | ancestry]
  1161 | D:2      | Reached XP level 3. HP: 23/26 MP: 2/6
  1209 | D:2      | HP: 1/27 [orc/+0 hand axe (2)]
  1211 | D:2      | Slain by an orc

Illustrated notes

Levels and vault maps discovered:
D:1:      scummos_arrival_hexagon, layout_rooms,
          hellmonk_ecumenical_altar_arch_garden, serial_forest,
          infiniplex_forest_end_1, infiniplex_forest_lined_room_3,
          infiniplex_forest_clump_tiny, infiniplex_forest_lined_3_way,
          infiniplex_forest_straight_3, infiniplex_forest_lined_ring,
          infiniplex_forest_clump_small
D:2:      layout_basic, grunt_ministairs_13

Skill      XL: |  1  2 |
---------------+-------+-----
Fighting       | 1 |  1.9
Earth Magic    | 3 |  3.3
Dodging        | |  1.7
Stealth        | |  1.7
Spellcasting   | |  2.7
Transmutations | |  0.8

Action                   || total
-------------------------++-------
Melee: Hand axe          ||    62
       Touch             ||     8
 Cast: Sandblast         ||    12
 Stab: Sleeping          ||     1
Armor: Robe              ||    10
       Ring mail         ||    12
Dodge: Dodged            ||    51
